 Dungeon Crawl Stone Soup version 0.21-a0-513-gdcb3f5e (webtiles) character file.

167 Laiders the Ruffian (level 5, 0/40 HPs)
             Began as a Draconian Transmuter on Dec 1, 2017.
             Slain by a gnoll
             ... wielding a cursed -2 spear
              (4 damage)
             ... on level 3 of the Dungeon.
             The game lasted 00:04:34 (2381 turns).

Laiders the Ruffian (Draconian Transmuter)          Turns: 2381, Time: 00:04:35

Health: 0/40       AC:  6    Str: 13    XL:     5   Next: 23%
Magic:  9/9        EV: 17    Int: 14    God:
Gold:   158        SH:  0    Dex: 16    Spells: 4/10 levels left

rFire    . . .     SeeInvis .     - Unarmed
rCold    . . .     Gourm    .   (no shield)
rNeg     . . .     Faith    .   (armour unavailable)
rPois    .         Spirit   .   (helmet restricted)
rElec    .         Reflect  .   l - +0 cloak
rCorr    .         Harm     .   (no gloves)
MR       .....                  (no boots)
Stlth    ++........             (no amulet)
HPRegen  0.13/turn              (no ring)
MPRegen  0.11/turn              (no ring)

@: agile, appendage (expiring)
A: unfitting armour, horns 2, cold-blooded, AC +5
a: End Transformation


You were on level 3 of the Dungeon.
You were not hungry.
You had grown temporary horns.
You visited 1 branch of the dungeon, and saw 3 of its levels.

You collected 158 gold pieces.

Inventory:

Missiles
 a - 44 arrows
Armour
 l - a +0 cloak (worn)
Scrolls
 d - a scroll of fog {unknown}
 e - a scroll of enchant armour {unknown}
 h - a scroll of remove curse {unknown}
 j - 4 scrolls of teleportation {unknown}
 k - 2 scrolls of identify
 n - 2 scrolls of fear {unknown}
 o - a scroll of amnesia {unknown}
 s - 2 scrolls of noise {unknown}
 t - a scroll of enchant weapon {unknown}
Potions
 g - 3 potions of flight
 i - 2 potions of agility
 p - a potion of degeneration {unknown}
 q - 2 potions of curing {unknown}
 u - a potion of invisibility {unknown}
Books
 b - a book of Changes

   Spells                             Type                      Level
   a - Beastly Appendage              Transmutation                1
   b - Sticks to Snakes               Transmutation                2
   c - Spider Form                    Transmutation/Poison         3
   d - Ice Form                       Ice/Transmutation            4
   e - Blade Hands                    Transmutation                5
 f - a book of Maledictions

   Spells                             Type                      Level
   a - Corona                         Hexes                        1
   b - Ensorcelled Hibernation        Hexes/Ice                    2
   c - Confuse                        Hexes                        3
   d - Tukima's Dance                 Hexes                        3
   e - Dazzling Spray                 Conjuration/Hexes            3
Comestibles
 c - 3 bread rations
 m - 3 royal jellies
 r - 9 chunks of flesh


   Skills:
 - Level 1.1 Fighting
 - Level 1.7 Dodging
 + Level 4.2 Unarmed Combat
 + Level 3.2 Spellcasting
 + Level 3.5 Transmutations


You had 4 spell levels left.
You knew the following spells:

 Your Spells              Type           Power        Failure   Level  Hunger
a - Beastly Appendage     Tmut           ##....       4%          1    #......
b - Sticks to Snakes      Tmut           ##......     8%          2    ##.....
c - Spider Form           Tmut/Pois      #.........   30%         3    ###....


Dungeon Overview and Level Annotations

Branches:
Dungeon (3/15)

Altars:
Makhleb


Innate Abilities, Weirdness & Mutations

Your plain brown scales are hard. (AC +5)
You cannot fit into any form of body armour.
You are cold-blooded and may be slowed by cold attacks.
You have a pair of horns on your head.


Message History

You punch the gnoll, but do no damage.
The gnoll is heavily wounded.
The gnoll hits you but does no damage. The gnoll hits you with a spear!
You closely miss the gnoll.
The gnoll is heavily wounded.
The gnoll hits you but does no damage. The gnoll hits you with a spear.
You hit the gnoll.
You kill the gnoll!
The gnoll hits you from afar with a spear.
* * * LOW HITPOINT WARNING * * *
You hit the gnoll.
The gnoll is lightly wounded.
The gnoll hits you.
* * * LOW HITPOINT WARNING * * *
The gnoll hits you but does no damage.
You feel agile all of a sudden. The gnoll hits you!
* * * LOW HITPOINT WARNING * * *
The gnoll hits you from afar with a spear.
You die...

....(.........)................[.
##.....##..######################
#.........####### #...#
#...#.###.......# #<#.#
#####.........##.# ##...
....'...g........# #...#
....#.....g.)..### #.[##
....##########.#### #.... ....#
#gg@<# #.### ....# ###### #....
....# ##### ....# ....+ ....#
###### ....# #..... ##### #.....
#.....


You could see 2 gnolls.

Vanquished Creatures
  Crazy Yiuf (D:2)
  An orc wizard (D:3)
  A gnoll (D:3)
  3 adders
  2 oozes (D:2)
  2 dart slugs (D:1)
  4 leopard geckos
  5 orcs
  4 giant cockroaches
  8 goblins
  4 hobgoblins
  6 jackals
  7 kobolds
  A quokka (D:2)
  6 bats
  3 frilled lizards
  4 rats
62 creatures vanquished.

Notes
Turn   | Place    | Note
-------+----------+-------------------------------------------
     0 | D:1      | Laiders the Draconian Transmuter began the quest for the Orb.
     0 | D:1      | Reached XP level 1. HP: 16/16 MP: 3/3
   186 | D:1      | Reached XP level 2. HP: 18/23 MP: 5/5
   883 | D:2      | Found a runed door.
   918 | D:2      | Learned a level 2 spell: Sticks to Snakes
   971 | D:2      | Reached XP level 3. HP: 25/28 MP: 6/6
  1304 | D:2      | Found a burning altar of Makhleb.
  1409 | D:2      | Reached XP level 4. HP: 32/35 MP: 8/8
  1884 | D:2      | Noticed Crazy Yiuf
  1914 | D:2      | Killed Crazy Yiuf
  1943 | D:2      | Learned a level 3 spell: Spider Form
  1966 | D:3      | Reached skill level 4 in Unarmed Combat
  2173 | D:3      | Reached XP level 5. HP: 23/40 MP: 9/9
  2381 | D:3      | Slain by a gnoll

Vault maps used:
D:1:      zaba_arrival_water
D:2:      overflow_temple_1_default, first_bread, minmay_misc_feat_rows,
          uniq_crazy_yiuf_cottage

Skill      XL: |  1  2  3  4 |
---------------+-------------+-----
Transmutations | 3 |  3.5
Spellcasting   | 3 |  3.2
Unarmed Combat | 4 |  4.2
Fighting       | |  1.1
Dodging        | |  1.7

Action                   |  1- 3 |  4- 6 || total
-------------------------+-------+-------++-------
Melee: Unarmed           |   148 |    80 ||   228
       Tailslap          |    11 |     4 ||    15
       Punch             |     2 |     1 ||     3
 Cast: Sticks to Snakes  |       |     2 ||     2
       Beastly Appendage |       |     2 ||     2
  Use: Scroll            |     2 |       ||     2
       Potion            |       |     1 ||     1
  Eat: Chunk             |     2 |     3 ||     5
Armor: Skin              |    56 |    29 ||    85
Dodge: Dodged            |    99 |    55 ||   154

Table legend:
 A = Spawn XP
 B = Non-spawn XP
 C = Spawn XP percentage of total XP
 D = Spawn monster count
 E = Non-spawn monster count
 F = Spawn count percentage of total count
 G = Total turns spent on level
                    A         B        C        D         E        F      G
               +---------+---------+-------+---------+---------+-------+---------
         Total |       0 |     239 |   0.0 |       0 |      62 |   0.0 |  2381
               +---------+---------+-------+---------+---------+-------+---------
           D:1 |       0 |      39 |   0.0 |       0 |      18 |   0.0 |   862
           D:2 |       0 |     112 |   0.0 |       0 |      28 |   0.0 |  1098
           D:3 |       0 |      88 |   0.0 |       0 |      16 |   0.0 |   421
               +---------+---------+-------+---------+---------+-------+---------
